 Dungeon Crawl Stone Soup version 0.29.0-13-gc9e81de378 (webtiles) character file.

Game seed: 16193560552003956220

351 AttackTheMoon the Sneak (level 6, -2/32 HPs)
             Began as a Spriggan Brigand on Sept 10, 2022.
             Slain by a black bear (6 damage)
             ... on level 4 of the Dungeon.
             The game lasted 00:04:44 (3239 turns).

AttackTheMoon the Sneak (Spriggan Brigand)          Turns: 3239, Time: 00:04:45

Health: -2/32      AC:  4    Str: 10    XL:     6   Next: 34%
Magic:  7/7        EV: 19    Int: 21    God:
Gold:   133        SH:  0    Dex: 22    Spells: 5/5 levels left

rFire   . . .      SeeInvis +   k - +1 trident "Zusoxkimp" {vorpal, Contam Str+3 Int+8 Dex+4}
rCold   + . .      Faith    .   (shield currently unavailable)
rNeg    . . .      Spirit   .   b - +0 robe
rPois   .          Reflect  .   (helmet restricted)
rElec   .          Harm     .   c - +1 cloak
rCorr   +          Rampage  .   (gloves unavailable)
Will    +....                   (boots unavailable)
Stlth   ++++......              (no amulet)
HPRegen 0.10/turn               f - ring of resist corrosion
MPRegen 0.10/turn               i - ring of protection from cold

@: very quick
A: very small, no large weapons, unfitting armour, see invisible, speed 3
a: no special abilities


You were on level 4 of the Dungeon.
You visited 1 branch of the dungeon, and saw 4 of its levels.

You collected 133 gold pieces.

Inventory:

Hand Weapons
 a - a +2 dagger
 k - the +1 trident "Zusoxkimp" (weapon) {vorpal, Contam Str+3 Int+8 Dex+4}
   (You found it on level 2 of the Dungeon)

   It inflicts extra damage upon your enemies.
   Str:       It affects your strength (+3).
   Int:       It affects your intelligence (+8).
   Dex:       It affects your dexterity (+4).
   Contam:    It causes magical contamination when unequipped.
Missiles
 d - 9 poisoned darts (quivered)
 e - 3 curare-tipped darts
 j - a throwing net
Armour
 b - a +0 robe (worn)
 c - a +1 cloak (worn)
Jewellery
 f - a ring of resist corrosion (left hand)
 g - a ring of ice
 i - a ring of protection from cold (right hand)
Scrolls
 r - a scroll of noise {unknown}
Potions
 h - a potion of attraction {unknown}
 l - a potion of curing {unknown}
 m - a potion of might {unknown}
 n - a potion of flight {unknown}
 o - a potion of degeneration {unknown}
 p - a potion of heal wounds {unknown}
 q - a potion of brilliance {unknown}


   Skills:
 + Level 2.8 Fighting
 - Level 2.5 Short Blades
 + Level 1.6 Polearms
 + Level 3.4 Throwing
 + Level 3.9 Dodging
 + Level 7.5 Stealth


You had 5 spell levels left.
You didn't know any spells.
Your spell library contained the following spells:

 Spells                   Type           Power      Damage    Failure   Level
 Sting                    Tmut/Pois      0%         1d3       19%         1
 Gell's Gravitas          Tloc           0%         N/A       47%         3
 Lesser Beckoning         Tloc           0%         N/A       47%         3
 Teleport Other           Tloc           0%         N/A       47%         3


Dungeon Overview and Level Annotations

Branches:
Dungeon (4/15)
 Temple: D:4-7

Altars:
Cheibriados
Fedhas
Nemelex Xobeh
Uskayaw
Xom

Shops:
D:3 :

Annotations:
D:4 3 runed translucent doors, trckry's ghost, amateur BaIE


Innate Abilities, Weirdness & Mutations

You are very small and have problems with some larger weapons.
You are too small for most types of armour.
You have supernaturally acute eyesight. (SInv)
You cover ground extremely quickly. (Speed+++)


Message History

You completely miss the black bear.
The black bear is heavily wounded.
The black bear bites you. The black bear misses you. x2
The black bear barely misses you.
The black bear claws you but does no damage.
The black bear claws you.
You hit the black bear.
The black bear is severely wounded.
The black bear bites you. The black bear closely misses you.
The black bear claws you.
You are too injured to fight recklessly!
You are too injured to fight recklessly!
You are too injured to fight recklessly!
You are too injured to fight recklessly!
You are too injured to fight recklessly!
You are too injured to fight recklessly!
You are too injured to fight recklessly!
You are too injured to fight recklessly!
You are too injured to fight recklessly!
You are too injured to fight recklessly!
You are too injured to fight recklessly!
You are too injured to fight recklessly!
You are too injured to fight recklessly!
You are too injured to fight recklessly!
You are too injured to fight recklessly!
You are too injured to fight recklessly!
You are too injured to fight recklessly!
You are too injured to fight recklessly!
You are too injured to fight recklessly!
You barely miss the black bear.
The black bear is severely wounded.
The black bear goes berserk!
You puncture the black bear!
The black bear is almost dead.
The black bear bites you!
* * * LOW HITPOINT WARNING * * *
The black bear misses you. The black bear claws you.
* * * LOW HITPOINT WARNING * * *
The black bear bites you.
You die...

.## ###. #.. .... ..
#.... ##.# #....# ##..#
#.....##..#### .
#.......<.r..## ##..
#....#h#..K...###....
#....#@#.>.n.........
##....).#....).#$.....
##..#.#.##.............
........##.............
#+++##.<##......#......
.KWKK##.##......#......
.#K#KK#.##......##.....
# #.K####......# .....
#! #......# ..


You could see a black bear (berserk), a kobold brigand, trckry's ghost and 4
kobolds.

Vanquished Creatures
  A phantom (D:3)
  A necrophage (D:4)
  A jelly (D:4)
  A hound (D:4)
  An orc wizard (D:3)
  3 gnolls (D:2)
  3 adders
  2 worms (D:2)
  A dart slug (D:3)
  9 orcs (D:3)
  3 ball pythons
  6 endoplasms
  2 giant cockroaches
  4 goblins
  3 hobgoblins
  7 quokkas
  3 bats
  4 frilled lizards
  4 kobolds
  4 rats
63 creatures vanquished.

Vanquished Creatures (others)
  A fungus (D:4)
1 creature vanquished.

Grand Total: 64 creatures vanquished

Notes
Turn   | Place    | Note
-------+----------+-------------------------------------------
     0 | D:1      | AttackTheMoon the Spriggan Brigand began the quest for the
                  | Orb.
     0 | D:1      | Reached XP level 1. HP: 10/10 MP: 2/2
    77 | D:1      | Reached skill level 6 in Stealth
   172 | D:1      | Reached XP level 2. HP: 13/15 MP: 3/3
   485 | D:2      | Identified the +1 trident "Zusoxkimp" {vorpal, Contam Str+3
                  | Int+8 Dex+4}
   569 | D:2      | Reached XP level 3. HP: 17/18 MP: 4/4
   856 | D:2      | Found a faded altar of an unknown god.
   863 | D:2      | Got Plato's Compendium of Shapes
  1062 | D:2      | Reached XP level 4. HP: 21/23 MP: 5/5
  1783 | D:3      | Found Kaytsuxo's Vocational Training.
  1783 | D:3      | Noticed a phantom
  1805 | D:3      | Killed a phantom
  1806 | D:3      | Reached skill level 1 in Polearms
  1806 | D:3      | Reached XP level 5. HP: 18/27 MP: 6/6
  2088 | D:3      | Reached skill level 7 in Stealth
  2482 | D:3      | Found a broken altar of Ashenzari.
  2484 | D:3      | Found a snail-covered altar of Cheibriados.
  2484 | D:3      | Found a sparkling altar of Nemelex Xobeh.
  2601 | D:3      | Found a hide-covered altar of Uskayaw.
  2601 | D:3      | Found a shimmering altar of Xom.
  2601 | D:3      | Found a blossoming altar of Fedhas.
  2734 | D:4      | Noticed a black bear
  2735 | D:4      | Noticed a sky beast
  2977 | D:4      | Reached XP level 6. HP: 24/32 MP: 7/7
  3079 | D:4      | Found a runed translucent gate.
  3079 | D:4      | Found a runed translucent gate.
  3079 | D:4      | Found a runed translucent gate.
  3083 | D:4      | Noticed trckry's ghost (amateur BaIE)
  3239 | D:4      | Slain by a black bear

Illustrated notes

Levels and vault maps discovered:
D:1:      minmay_arrival_solitary_statue, layout_rooms
D:2:      layout_basic, shapermc_ecumenical_altar_rom_forum, st_stairs_6,
          kennysheep_generic_room_12
D:3:      layout_loops_corners, doesnt_xom_only_xom, nicolae_shop_vocational
D:4:      minmay_opposing_rooms, layout_rooms, zin_statuary,
          gammafunk_ghost_nasty_kobolds

Skill      XL: |  1  2  3  4  5 |
---------------+----------------+-----
Stealth        | 6 7 |  7.5
Dodging        | 2 3 |  3.9
Fighting       | 2 |  2.8
Polearms       | 1 |  1.6
Throwing       | 3 |  3.4
Short Blades   | |  2.5

Action                   |  1- 3 |  4- 6 || total
-------------------------+-------+-------++-------
Melee: Dagger            |    31 |       ||    31
       Trident           |    38 |   143 ||   181
  Use: Scroll            |     2 |     1 ||     3
 Stab: Sleeping          |    10 |     7 ||    17
       Distracted        |     1 |     1 ||     2
Armor: Robe              |     5 |    24 ||    29
Dodge: Dodged            |    46 |   154 ||   200
